 Dungeon Crawl Stone Soup version 0.28.0 (webtiles) character file.

Game seed: 7657758736246594062

74 rebuscarnival the Skirmisher (level 4, -3/40 HPs)
             Began as a Hill Orc Fighter on Feb 13, 2022.
             Slain by a river rat (6 damage)
             ... on level 3 of the Dungeon.
             The game lasted 00:24:29 (1544 turns).

rebuscarnival the Skirmisher (Hill Orc Fighter)     Turns: 1544, Time: 00:24:30

Health: -3/40      AC:  7    Str: 18    XL:     4   Next: 30%
Magic:  5/5        EV:  9    Int: 10    God:
Gold:   92         SH:  4    Dex: 10    Spells: 4/4 levels left

rFire   . . .      SeeInvis .   a - +0 trident
rCold   . . .      Faith    .   c - +0 buckler
rNeg    . . .      Spirit   .   b - +0 scale mail
rPois   .          Reflect  .   (no helmet)
rElec   .          Harm     .   (no cloak)
rCorr   .          Rampage  .   (no gloves)
Will    .....                   (no boots)
Stlth   ..........              (no amulet)
HPRegen 0.13/turn               (no ring)
MPRegen 0.09/turn               (no ring)

@: very slow
A: no striking features
a: no special abilities


You were on level 3 of the Dungeon.
You visited 1 branch of the dungeon, and saw 3 of its levels.

You collected 92 gold pieces.

Inventory:

Hand Weapons
 a - a +0 trident (weapon)
 e - a +0 short sword
 f - a +0 whip
 g - a +0 club
 i - a +0 dagger
 k - a +0 dagger
 m - a +0 dagger
 o - a +1 vampiric spear
 p - a +0 dagger
 u - a +0 dagger
 y - a +0 dagger of venom
 z - a +0 shortbow
 B - a +0 dagger
 D - a +0 short sword
 E - a +0 club
 G - a +0 short sword
 I - a +0 club
Missiles
 h - 21 arrows
 j - 11 poisoned darts (quivered)
 l - 19 sling bullets
 w - 12 stones
 F - 3 boomerangs
Armour
 b - a +0 scale mail (worn)
 c - a +0 buckler (worn)
 t - a +0 robe
 v - a +0 scale mail
 x - a +0 ring mail
 A - a +0 ring mail
 J - a +0 leather armour
Magical Staves
 q - a staff of cold
Jewellery
 H - a +6 ring of dexterity
Scrolls
 n - a scroll of identify {unknown}
 r - a scroll of blinking {unknown}
Potions
 d - a potion of might
 s - a potion of heal wounds {unknown}
 C - a potion of curing {unknown}


   Skills:
 + Level 4.2 Fighting
 + Level 3.2 Polearms
 + Level 3.7 Armour
 + Level 0.5 Dodging
 + Level 0.2 Stealth
 + Level 3.5 Shields
 * Level 0.6 Spellcasting


You had 4 spell levels left.
You didn't know any spells.
Your spell library contained the following spells:

 Spells                   Type           Power      Damage    Failure   Level
 Foxfire                  Conj/Fire      0%         2x1d4     82%         1
 Corpse Rot               Necr/Air       0%         N/A       91%         2
 Poisonous Vapours        Pois/Air       0%         N/A       91%         2
 Confusing Touch          Hex            0%         N/A       99%         3
 Conjure Flame            Conj/Fire      0%         6-21      99%         3
 Frozen Ramparts          Ice            0%         1d2       99%         3
 Inner Flame              Hex/Fire       0%         N/A       99%         3
 Flame Wave               Conj/Fire      0%         2d4       100%        4
 Ice Form                 Ice/Tmut       0%         N/A       100%        4
 Summon Ice Beast         Ice/Summ       0%         N/A       100%        4
 Summon Lightning Spire   Summ/Air       0%         N/A       100%        4
 Yara's Violent Unravell  Hex/Tmut       0%         3d3       100%        5
 Enfeeble                 Hex            0%         N/A       100%        7
 Storm Form               Tmut/Air       0%         N/A       100%        7
 Maxwell's Capacitive Co  Air            0%         ∞         100%        8


Dungeon Overview and Level Annotations

Branches:
Dungeon (3/15)

Altars:


Message History

Your unstable footing causes you to fumble your attack.
The river rat bites you but does no damage.
You hit the river rat.
The river rat is severely wounded.
The river rat barely misses you.
Your unstable footing causes you to fumble your attack.
The river rat closely misses you.
You closely miss the river rat.
The river rat is heavily wounded.
The river rat bites you. You block the river rat's attack.
Your unstable footing causes you to fumble your attack.
You block the river rat's attack.
Your unstable footing causes you to fumble your attack.
The river rat bites you.
* * * LOW HITPOINT WARNING * * *
You hit the river rat but do no damage.
The river rat is heavily wounded.
The river rat bites you!
* * * LOW HITPOINT WARNING * * *
Your unstable footing causes you to fumble your attack.
The river rat bites you.
* * * LOW HITPOINT WARNING * * *
You block the river rat's attack.
Your unstable footing causes you to fumble your attack.
The river rat closely misses you.
You barely miss the river rat.
The river rat is heavily wounded.
The river rat closely misses you.
Your unstable footing causes you to fumble your attack.
The river rat bites you but does no damage.
You hit the river rat but do no damage.
The river rat is heavily wounded.
The river rat barely misses you.
You hit the river rat but do no damage.
The river rat is heavily wounded.
You block the river rat's attack.
You hit the river rat.
The river rat is severely wounded.
The river rat bites you.
You die...

######..........# ##
.o...'.......#### #.
###.......# #. #.......# #.###
#†...##########..#
#...##.≈≈≈≈≈≈≈#..#######
#...#≈########..........
#######...#≈##.≈≈†≈######.....
..........#≈#@#####≈# #.####
#########.#.#r# #.# #.#
#.#≈#≈# #.# #.# ##.#≈#≈≈
#≈#####'####
#..#≈#######≈#........#
#..##.†≈≈≈.≈##........#
#...#########.........#
#......#..............#
#......#..............#


You could see a river rat.

Vanquished Creatures
  2 adders (D:3)
  A worm (D:3)
  2 orcs (D:3)
  A ball python (D:2)
  9 endoplasms
  3 giant cockroaches
  5 goblins
  6 hobgoblins
  2 quokkas (D:3)
  3 bats (D:1)
  4 frilled lizards
  4 kobolds
  4 rats
46 creatures vanquished.

Notes
Turn   | Place    | Note
-------+----------+-------------------------------------------
     0 | D:1      | rebuscarnival the Hill Orc Fighter began the quest for the
                  | Orb.
     0 | D:1      | Reached XP level 1. HP: 19/19 MP: 1/1
   117 | D:1      | Reached XP level 2. HP: 17/27 MP: 2/2
   151 | D:1      | Reached skill level 4 in Fighting
   455 | D:1      | Reached XP level 3. HP: 28/33 MP: 3/3
   822 | D:2      | Found a faded altar of an unknown god.
  1418 | D:3      | Reached XP level 4. HP: 19/40 MP: 4/4
  1538 | D:3      | HP: 2/40 [river rat (2)]
  1544 | D:3      | Slain by a river rat

Illustrated notes

Levels and vault maps discovered:
D:1:      dpeg_arrival_radiant, layout_basic
D:2:      layout_basic, chequers_ecumenical_altar_simple_redux
D:3:      layout_basic, nicolae_gozag_seed_capital, gup_sewer_entry_spiral

Skill      XL: |  1  2  3 |
---------------+----------+-----
Fighting       | 4 |  4.2
Polearms       | 3 |  3.2
Armour         | |  3.7
Dodging        | |  0.5
Stealth        | |  0.2
Shields        | |  3.5
Spellcasting   | |  0.6

Action                   |  1- 3 |  4- 6 || total
-------------------------+-------+-------++-------
Melee: Trident           |   100 |    35 ||   135
       Spear             |    14 |       ||    14
Throw: Dart              |     5 |       ||     5
Armor: Scale mail        |    47 |     7 ||    54
Dodge: Dodged            |    62 |    11 ||    73
Block: Buckler           |    28 |     7 ||    35
